 Dungeon Crawl Stone Soup version 0.28.0-53-g5a82cb258f (webtiles) character file.

Game seed: 2230001772962375629

31 LowPressure the Slasher (level 3, 0/40 HPs)
             Began as a Demonspawn Gladiator on July 10, 2022.
             Slain by Terence
             ... wielding a +0 hand axe
              (2 damage)
             ... on level 2 of the Dungeon.
             The game lasted 00:02:01 (1175 turns).

LowPressure the Slasher (Demonspawn Gladiator)      Turns: 1175, Time: 00:02:02

Health: 0/40       AC:  3    Str: 16    XL:     3   Next: 7%
Magic:  3/3        EV: 12    Int: 11    God:
Gold:   11         SH:  0    Dex: 14    Spells: 2/2 levels left

rFire   . . .      SeeInvis .   a - +0 long sword
rCold   . . .      Faith    .   (no shield)
rNeg    . . .      Spirit   .   b - +0 leather armour
rPois   .          Reflect  .   (helmet restricted)
rElec   .          Harm     .   (no cloak)
rCorr   .          Rampage  .   (no gloves)
Will    +....                   (no boots)
Stlth   ..........              (no amulet)
HPRegen 0.13/turn               g - ring of willpower
MPRegen 0.08/turn               (no ring)

@: berserking (expiring), very quick
A: antennae 1, big brain 1
a: no special abilities


You were on level 2 of the Dungeon.
You visited 1 branch of the dungeon, and saw 3 of its levels.

You collected 11 gold pieces.

Inventory:

Hand Weapons
 a - a +0 long sword (weapon)
Missiles
 d - 3 throwing nets (quivered)
Armour
 b - a +0 leather armour (worn)
 c - a +0 helmet
Jewellery
 g - a ring of willpower (left hand)
Scrolls
 f - a scroll of teleportation {unknown}
 h - a scroll of identify {unknown}


   Skills:
 + Level 2.1 Fighting
 + Level 3.2 Long Blades
 + Level 2.0 Throwing
 + Level 3.0 Dodging
 + Level 0.7 Stealth


You had 2 spell levels left.
You didn't know any spells.
Your spell library was empty.

Dungeon Overview and Level Annotations

Branches:
Dungeon (3/15)

Altars:
Sif Muna

Annotations:
D:2 Terence


Innate Abilities, Weirdness & Mutations

You have a pair of small antennae on your head.
You have an unusually large brain. (Int +2)


Message History

Terence shouts!
The frilled lizard hisses angrily.
The frilled lizard moves out of view.
The frilled lizard unfolds its giant frill.
You miss the frilled lizard. The frilled lizard bites you.
You slash the frilled lizard!
You kill the frilled lizard!
Terence closely misses you.
You hit Terence.
Terence is moderately wounded.
Terence hits you with a +0 hand axe!
You hit Terence.
Terence is heavily wounded.
Terence screams, "I'm going to kill you!"
Terence hits you with a +0 hand axe!
You barely miss Terence.
Terence is heavily wounded.
Terence hits you with a +0 hand axe.
* * * LOW HITPOINT WARNING * * *
It was a potion of berserk rage.
A red film seems to cover your vision as you go berserk!
You feel yourself moving faster!
You feel mighty! Terence barely misses you.
You barely miss Terence.
Terence is heavily wounded.
Terence closely misses you.
You barely miss Terence.
Terence is heavily wounded.
Terence completely misses you.
You slash Terence!
Terence is almost dead.
Terence hits you with a +0 hand axe!
* * * LOW HITPOINT WARNING * * *
You completely miss Terence.
Terence is almost dead.
You barely miss Terence.
Terence is almost dead.
Terence hits you but does no damage.
You completely miss Terence.
Terence is almost dead.
Terence hits you with a +0 hand axe.
You die...

.....#
#...........#
.....#
#...........#
##+#.#
#....(......#
.#
#...........#
.#
#...........#
#........)..#
#...........#
#...........#
#######@#####
#@# . #.# ...
#.####....
#.........
#(........
#<........
...........
.............


You could see Terence.

Vanquished Creatures
  A dart slug (D:1)
  3 endoplasms (D:1)
  2 giant cockroaches (D:1)
  2 goblins
  2 hobgoblins (D:1)
  2 kobolds
  A quokka (D:1)
  4 ball pythons
  4 bats
  3 frilled lizards
  4 rats
28 creatures vanquished.

Notes
Turn   | Place    | Note
-------+----------+-------------------------------------------
     0 | D:1      | LowPressure the Demonspawn Gladiator began the quest for
                  | the Orb.
     0 | D:1      | Reached XP level 1. HP: 16/16 MP: 1/1
   306 | D:1      | Gained mutation: You have a pair of small antennae on your
                  | head. [demonic ancestry]
   306 | D:1      | Reached XP level 2. HP: 22/22 MP: 2/2
   328 | D:1      | Found a faded altar of an unknown god.
   897 | D:2      | Found a shimmering blue altar of Sif Muna.
  1047 | D:2      | Gained mutation: You have an unusually large brain. (Int
                  | +2) [demonic ancestry]
  1047 | D:2      | Reached XP level 3. HP: 23/27 MP: 3/3
  1156 | D:2      | Noticed Terence
  1172 | D:2      | HP: 2/40 [Terence/+0 hand axe (10)]
  1175 | D:2      | Slain by Terence

Illustrated notes

Levels and vault maps discovered:
D:1:      dpeg_arrival_arbitrary_c, layout_basic,
          chequers_ecumenical_altar_simple_redux
D:2:      layout_basic, basic_altar, minmay_hexomino_f4, uniq_terence
D:3:      layout_loops_ring

Skill      XL: |  1  2 |
---------------+-------+-----
Long Blades    | 3 |  3.2
Throwing       | 2 |  2.0
Dodging        | 3 |  3.0
Fighting       | |  2.1
Stealth        | |  0.7

Action                   || total
-------------------------++-------
Melee: Long sword        ||    76
  Use: Potion            ||     1
 Stab: Sleeping          ||     1
Armor: Leather armour    ||    23
Dodge: Dodged            ||    63
